[Event "Titled Tuesday Blitz June 27 Early 2023"]
[White "ATM622"]
[Black "Drozdowski, Kacper"]
[BlackFideId "1136720"]
[WhiteElo "2608"]
[BlackElo "2839"]
[Result "0-1"]
[Round "5"]
[TimeControl "180+2"]
[Date "2023.06.27"]
[WhiteClock "0:00:01"]
[BlackClock "0:00:37"]
[Board "69"]

1. d4 Nf6 2. c4 e6 3. g3 c5 4. d5 exd5 5. cxd5 b5 6. Bg2 Bb7 7. e4 d6 8. Nd2 Nbd7 9. Ngf3 g6 10. O-O Bg7 11. Re1 O-O 12. Nf1 Re8 13. Bg5 Qb6 14. Qc2 h6 15. Bd2 a5 16. h4 a4 17. a3 Ng4 18. Bh3 Nde5 19. Nxe5 Nxe5 20. Bg2 c4 21. Be3 Qa5 22. Bd2 Qd8 23. Bc3 Nd3 24. Re3 Rc8 25. Nd2 h5 26. Bf1 Nc5 27. Rd1 Qe7 28. Bh3 Rcd8 29. Ba5 Ra8 30. Bc3 Bxc3 31. Qxc3 Qe5 32. Qc2 Nd3 33. Rb1 Qf6 34. Nf3 Bxd5 35. Qc3 Qxc3 36. bxc3 Rxe4 37. Nd4 Rxe3 38. fxe3 Re8 39. Rxb5 Rxe3 40. Rxd5 Rxg3+ 41. Kh2 Rxh3+ 42. Kg1 Nf4 43. Rxd6 Rxc3 44. Nb5 Rb3 45. Rb6 c3 46. Rb7 c2 47. Rb8+ Kg7 48. Rc8 Rxb5 0-1


[Site "https://www.chess.com"]

[Event "Titled Tuesday Blitz June 27 Early 2023"]
[White "Gharibyan, Mamikon"]
[Black "De La Villa Garcia, Jesus Maria"]
[WhiteFideId "13308300"]
[BlackFideId "2200040"]
[WhiteElo "2803"]
[BlackElo "2598"]
[Result "1-0"]
[Round "5"]
[TimeControl "180+2"]
[Date "2023.06.27"]
[WhiteClock "0:00:06"]
[BlackClock "0:00:00"]
[Board "70"]

1. e4 c6 2. Nf3 d5 3. d3 dxe4 4. dxe4 Qxd1+ 5. Kxd1 Nf6 6. Nbd2 g6 7. Ne5 Bh6 8. Bc4 O-O 9. f3 Nbd7 10. Nd3 b5 11. Bb3 a5 12. a4 b4 13. Nc4 Bxc1 14. Rxc1 Ba6 15. c3 Bxc4 16. Bxc4 Ne8 17. cxb4 axb4 18. b3 Rb8 19. e5 Nc7 20. Ke2 Nb6 21. Nc5 Rfd8 22. e6 f5 23. Rhd1 Ncd5 24. Bxd5 Nxd5 25. Nd7 Rbc8 26. Rd4 Kg7 27. Rc5 Nf6 28. Kd3 Nd5 29. a5 g5 30. Kc4 Nf4 31. Rxf4 gxf4 32. Rxf5 Ra8 33. Kxb4 Rdc8 34. Nb6 Rcb8 35. Kc4 Kg6 36. Rc5 Ra7 37. b4 Rd8 38. Nd7 Ra6 39. Ne5+ Kf6 40. Rxc6 Raa8 41. Nd7+ Kf5 42. a6 Rg8 43. b5 Rxg2 44. Kc5 Rc2+ 45. Kb6 Rb2 46. Nc5 Rd8 47. Rc7 Rd4 48. Nd7 Rdb4 49. Rc5+ Kxe6 50. Nb8 Ra4 51. a7 Rba2 52. Na6 Rxa6+ 53. bxa6 Rb2+ 54. Rb5 1-0


[Site "https://www.chess.com"]

[Event "Titled Tuesday Blitz June 27 Early 2023"]
[White "Gubajdullin, Alexei"]
[Black "Do Valle Cardoso, Lucas"]
[WhiteFideId "4141202"]
[BlackFideId "2163144"]
[WhiteElo "2591"]
[BlackElo "2775"]
[Result "1-0"]
[Round "5"]
[TimeControl "180+2"]
[Date "2023.06.27"]
[WhiteClock "0:02:20"]
[BlackClock "0:02:35"]
[Board "71"]

1. d4 d5 2. Nf3 Nf6 3. Bf4 e6 4. e3 c5 5. Nbd2 Nc6 6. c3 Bd6 7. Bg3 O-O 8. Bd3 Re8 9. Ne5 Bxe5 10. dxe5 Nd7 11. Nf3 Qc7 12. Bc2 Ndxe5 13. Nxe5 Nxe5 14. Qh5 f5 15. Qxe8# 1-0


[Site "https://www.chess.com"]

[Event "Titled Tuesday Blitz June 27 Early 2023"]
[White "Maksimovic, Bojan"]
[Black "Mortazavi, Ali"]
[WhiteFideId "14408120"]
[BlackFideId "401323"]
[WhiteElo "2769"]
[BlackElo "2581"]
[Result "1-0"]
[Round "5"]
[TimeControl "180+2"]
[Date "2023.06.27"]
[WhiteClock "0:01:07"]
[BlackClock "0:00:18"]
[Board "72"]

1. Nf3 Nf6 2. d3 g6 3. Bd2 Bg7 4. g3 O-O 5. Qc1 Re8 6. Bh6 Bh8 7. h4 d6 8. h5 Bg4 9. hxg6 hxg6 10. Bg2 Nc6 11. Nc3 Qd7 12. Qg5 Qf5 13. Qh4 Qh5 14. Qxh5 Nxh5 15. O-O Nf6 16. Rab1 Bd7 17. Bd2 e6 18. b4 Ne7 19. Ng5 Bc6 20. b5 Bxg2 21. Kxg2 Nh7 22. Nxh7 Kxh7 23. Ne4 Kg8 24. Rh1 Nf5 25. Bg5 Bg7 26. Nf6+ Kf8 27. Nxe8 Rxe8 28. a4 Nd4 29. Be3 Nxc2 30. Bxa7 Ra8 31. Rhc1 Na3 32. Rb3 Rxa7 33. b6 cxb6 34. Rxa3 Bd4 35. e3 Bc5 36. Rb3 Rxa4 37. d4 Ba3 38. Ra1 1-0


[Site "https://www.chess.com"]

[Event "Titled Tuesday Blitz June 27 Early 2023"]
[White "Xu, Yi"]
[Black "profedechess93"]
[WhiteFideId "8605564"]
[WhiteElo "2746"]
[BlackElo "2576"]
[Result "1-0"]
[Round "5"]
[TimeControl "180+2"]
[Date "2023.06.27"]
[WhiteClock "0:00:48"]
[BlackClock "0:00:10"]
[Board "73"]

1. e4 e6 2. d4 d5 3. e5 c5 4. c3 Nc6 5. Nf3 Qb6 6. a3 c4 7. Nbd2 f6 8. Be2 fxe5 9. Nxe5 Nxe5 10. dxe5 Bc5 11. O-O Ne7 12. b4 cxb3 13. Nxb3 O-O 14. a4 Rxf2 15. Rxf2 Bxf2+ 16. Kh1 Nf5 17. Bd3 Bd7 18. a5 Qc6 19. Bd2 Rf8 20. Qh5 Qc7 21. Rf1 g6 22. Qh3 Bc5 23. Bg5 Ba4 24. Nxc5 Qxc5 25. Bf6 Qxc3 26. Bxf5 1-0


[Site "https://www.chess.com"]

[Event "Titled Tuesday Blitz June 27 Early 2023"]
[White "Renjith, Sravan"]
[Black "Alinasab, Mobina"]
[WhiteFideId "4306783"]
[BlackFideId "12528897"]
[WhiteElo "2735"]
[BlackElo "2564"]
[Result "1-0"]
[Round "5"]
[TimeControl "180+2"]
[Date "2023.06.27"]
[WhiteClock "0:00:54"]
[BlackClock "0:00:00"]
[Board "74"]

1. Nf3 Nf6 2. b3 b6 3. Bb2 Bb7 4. e3 c5 5. Be2 e6 6. O-O Be7 7. Ne5 d6 8. Bf3 Qc7 9. Bxb7 Qxb7 10. Nf3 O-O 11. d4 cxd4 12. exd4 Nbd7 13. c4 Rfe8 14. Re1 a6 15. Nc3 b5 16. Qe2 bxc4 17. Qxc4 Rac8 18. Qe2 d5 19. Ne5 Bb4 20. Rac1 Rc7 21. Nd3 Bd6 22. Na4 Rec8 23. h3 Qb5 24. Nc3 Qa5 25. Na4 Rxc1 26. Rxc1 Rxc1+ 27. Bxc1 Qb5 28. Qc2 Ne4 29. Be3 h6 30. Nac5 Bxc5 31. dxc5 Nb8 32. a4 Qd7 33. b4 d4 34. Bf4 Nc6 35. b5 axb5 36. axb5 Ne7 37. c6 Qd5 38. c7 Nc8 39. Qa4 Qb7 40. Qxd4 f6 41. Qd7 e5 42. Qe6+ Kh7 43. Nxe5 fxe5 44. Bxe5 Ng5 45. Qf5+ 1-0


[Site "https://www.chess.com"]

[Event "Titled Tuesday Blitz June 27 Early 2023"]
[White "chess123456s"]
[Black "Csonka, Balazs"]
[BlackFideId "742910"]
[WhiteElo "2562"]
[BlackElo "2725"]
[Result "1/2-1/2"]
[Round "5"]
[TimeControl "180+2"]
[Date "2023.06.27"]
[WhiteClock "0:00:28"]
[BlackClock "0:00:05"]
[Board "75"]

1. e4 e6 2. d4 d5 3. Nc3 Nf6 4. e5 Nfd7 5. f4 c5 6. Nf3 Nc6 7. Be3 cxd4 8. Nxd4 Qb6 9. Qd2 Qxb2 10. Rb1 Qa3 11. Bb5 Nxd4 12. Bxd4 a6 13. Bxd7+ Bxd7 14. Rb3 Qa5 15. Bb6 Qb4 16. Rxb4 Bxb4 17. O-O Rc8 18. Bd4 O-O 19. Rb1 a5 20. Qd3 Rc4 21. Ne2 b5 22. c3 Be7 23. f5 Rfc8 24. f6 gxf6 25. Qg3+ Kh8 26. exf6 Bf8 27. Nf4 b4 28. Rc1 Rxd4 29. cxd4 Rxc1+ 30. Kf2 Rc2+ 31. Ke3 Rc3+ 32. Nd3 Bb5 33. Qb8 Rxd3+ 34. Kf2 Kg8 35. Qxb5 Rxd4 36. Qxa5 Rf4+ 37. Ke3 Rxf6 38. Qd8 Kg7 39. Qb6 h5 40. g3 Kg6 41. Qb8 Kg7 42. Qe5 Kg6 43. Qb8 Kg7 44. Qe5 Kg6 45. Qb8 1/2-1/2


[Site "https://www.chess.com"]

[Event "Titled Tuesday Blitz June 27 Early 2023"]
[White "Golubev, Mikhail"]
[Black "Quintiliano Pinto, Renato R."]
[WhiteFideId "14100983"]
[BlackFideId "2117568"]
[WhiteElo "2537"]
[BlackElo "2721"]
[Result "1/2-1/2"]
[Round "5"]
[TimeControl "180+2"]
[Date "2023.06.27"]
[WhiteClock "0:00:40"]
[BlackClock "0:00:15"]
[Board "76"]

1. e4 e6 2. d4 d5 3. Nc3 Nf6 4. Bg5 dxe4 5. Nxe4 Be7 6. Nxf6+ Bxf6 7. Bxf6 Qxf6 8. Qd2 c5 9. O-O-O Qxd4 10. Bb5+ Bd7 11. Qxd4 cxd4 12. Bxd7+ Nxd7 13. Nf3 Nb6 14. Nxd4 a6 15. Rhe1 O-O-O 16. b3 Rd6 17. c4 Rhd8 18. Nc2 Rxd1+ 19. Rxd1 Rxd1+ 20. Kxd1 Nd7 21. Kd2 Kc7 22. Kc3 a5 23. Nd4 b6 24. a3 g6 25. b4 axb4+ 26. axb4 e5 27. Nb5+ Kc6 28. Na7+ Kd6 29. Nb5+ Ke7 30. Nc7 f5 31. Nd5+ Ke6 32. f3 g5 33. g4 h6 34. Ne3 fxg4 35. fxg4 Nf6 36. c5 bxc5 37. bxc5 Nd5+ 38. Nxd5 Kxd5 39. Kb4 e4 40. c6 Kxc6 41. Kc4 e3 42. Kd3 Kd5 43. Kxe3 Ke5 44. h3 Kd5 45. Kd3 Ke5 46. Ke3 Kd5 47. Kd3 Ke5 48. Ke3 1/2-1/2


[Site "https://www.chess.com"]

[Event "Titled Tuesday Blitz June 27 Early 2023"]
[White "Postny, Evgeny"]
[Black "Krutko, Anatoly"]
[WhiteFideId "2804344"]
[BlackFideId "4185862"]
[WhiteElo "2717"]
[BlackElo "2558"]
[Result "1-0"]
[Round "5"]
[TimeControl "180+2"]
[Date "2023.06.27"]
[WhiteClock "0:01:34"]
[BlackClock "0:00:14"]
[Board "77"]

1. e4 g6 2. d4 Bg7 3. c4 d6 4. Nc3 Nf6 5. Bd3 O-O 6. Nge2 Nc6 7. O-O e5 8. d5 Ne7 9. Ng3 Nd7 10. Rb1 a5 11. a3 f5 12. exf5 gxf5 13. f4 e4 14. Bc2 Nc5 15. Nce2 a4 16. Be3 Bd7 17. Bd4 Ng6 18. Bxg7 Kxg7 19. Qd4+ Kg8 20. Nh5 Rf7 21. Neg3 Qe7 22. Rbe1 Re8 23. Re3 b6 24. Ne2 Nb7 25. Rg3 Qh4 26. Rg5 Ref8 27. h3 1-0


[Site "https://www.chess.com"]

[Event "Titled Tuesday Blitz June 27 Early 2023"]
[White "Kantor, Gergely"]
[Black "Droin, Augustin"]
[WhiteFideId "751499"]
[BlackFideId "45105987"]
[WhiteElo "2708"]
[BlackElo "2534"]
[Result "1-0"]
[Round "5"]
[TimeControl "180+2"]
[Date "2023.06.27"]
[WhiteClock "0:01:30"]
[BlackClock "0:01:14"]
[Board "78"]

1. d4 Nf6 2. Nf3 e6 3. g3 d5 4. Bg2 Bb4+ 5. c3 Be7 6. O-O O-O 7. Nbd2 c5 8. dxc5 Bxc5 9. Ne5 Nbd7 10. Nd3 Bb6 11. c4 d4 12. b4 e5 13. c5 Bc7 14. Bb2 Re8 15. Nc4 Rb8 16. a4 Nf8 17. b5 b6 18. Nb4 Bb7 19. Nc6 Bxc6 20. Bxc6 N6d7 21. cxb6 axb6 22. e3 Qf6 23. exd4 Red8 24. d5 Nc5 25. f4 Ng6 26. fxe5 Qg5 27. d6 Rbc8 28. Qf3 1-0


[Site "https://www.chess.com"]

[Event "Titled Tuesday Blitz June 27 Early 2023"]
[White "Cherniaiev, Tykhon"]
[Black "Koutsin, Sergey"]
[WhiteFideId "14182360"]
[BlackFideId "14101483"]
[WhiteElo "2706"]
[BlackElo "2497"]
[Result "1-0"]
[Round "5"]
[TimeControl "180+2"]
[Date "2023.06.27"]
[WhiteClock "0:00:11"]
[BlackClock "0:00:00"]
[Board "79"]

1. Nf3 Nf6 2. d4 d5 3. c4 e6 4. Nc3 c5 5. cxd5 exd5 6. g3 Nc6 7. Bg2 c4 8. O-O Bb4 9. Bg5 Be6 10. Ne5 O-O 11. Bxf6 gxf6 12. Nxc4 dxc4 13. d5 Bxc3 14. bxc3 Na5 15. dxe6 fxe6 16. Qa4 Qc7 17. Rfd1 Rad8 18. Qb4 b6 19. Bf3 Rf7 20. Rxd8+ Qxd8 21. Kg2 Rd7 22. Qb5 Kg7 23. Qh5 f5 24. e4 Qf6 25. exf5 Qxf5 26. Qe8 Rf7 27. Qa8 Rf8 28. Qe4 Qxe4 29. Bxe4 h6 30. Rd1 Kf6 31. Rd7 Rf7 32. Rd8 Rc7 33. Rh8 Ke5 34. Bf3 Rd7 35. Rxh6 Rd3 36. Bg4 Rxc3 37. Rxe6+ Kd5 38. h4 Rd3 39. h5 Rd4 40. Bf5 Kc5 41. h6 Rd8 42. h7 c3 43. Rg6 Rh8 44. Rg8 Rxh7 45. Bxh7 b5 46. Ra8 Nc6 47. Be4 b4 48. Rc8 Kd4 49. Bxc6 c2 50. Ba4 1-0


[Site "https://www.chess.com"]

[Event "Titled Tuesday Blitz June 27 Early 2023"]
[White "Kuznetsov, Mikhail"]
[Black "Gedajlovic, Max"]
[WhiteFideId "4117190"]
[BlackFideId "2616840"]
[WhiteElo "2408"]
[BlackElo "2703"]
[Result "0-1"]
[Round "5"]
[TimeControl "180+2"]
[Date "2023.06.27"]
[WhiteClock "0:00:00"]
[BlackClock "0:01:04"]
[Board "80"]

1. Nf3 d5 2. g3 g6 3. d4 Bg7 4. Bg2 c6 5. O-O Nf6 6. c4 dxc4 7. Ne5 Be6 8. Na3 O-O 9. Naxc4 Nbd7 10. b3 Nxe5 11. Nxe5 Nd7 12. Nf3 Bd5 13. Re1 e5 14. e4 Be6 15. Bb2 Bg4 16. dxe5 Qe7 17. h3 Bxf3 18. Qxf3 Nxe5 19. Qe2 Rad8 20. Rad1 Qc5 21. Kh2 Rfe8 22. f4 Nd7 23. e5 Nf8 24. Rxd8 Rxd8 25. Rd1 Rxd1 26. Qxd1 Qf2 27. Qd4 Qe2 28. a4 Ne6 29. Qc3 Bf8 30. Bc1 Bc5 31. b4 Bd4 32. Qf3 Qe1 33. Qf1 Qxb4 34. f5 gxf5 35. Bh6 Bxe5 36. Qxf5 Bg7 37. Bxg7 Kxg7 38. Qe5+ Kf8 39. Qb8+ Ke7 40. Qxa7 Kd7 41. a5 Qb5 42. Qa8 Nd8 43. Qb8 Qxa5 44. Qf4 Qc5 45. Qxf7+ Nxf7 0-1


[Site "https://www.chess.com"]

[Event "Titled Tuesday Blitz June 27 Early 2023"]
[White "Balint, Vilmos"]
[Black "Khoroshev, Nikita"]
[WhiteFideId "718050"]
[BlackFideId "14200287"]
[WhiteElo "2239"]
[BlackElo "2677"]
[Result "0-1"]
[Round "5"]
[TimeControl "180+2"]
[Date "2023.06.27"]
[WhiteClock "0:00:31"]
[BlackClock "0:01:19"]
[Board "81"]

1. d4 Nf6 2. c4 g6 3. Nc3 Bg7 4. Nf3 d6 5. g3 O-O 6. Bg2 Bf5 7. O-O c6 8. b3 Ne4 9. Bb2 Nxc3 10. Bxc3 Be4 11. Qd2 d5 12. Rac1 a5 13. Rfd1 a4 14. cxd5 cxd5 15. Ne5 Bxg2 16. Kxg2 Nd7 17. Nxd7 Qxd7 18. Bb4 Rfc8 19. e3 e6 20. Rxc8+ Rxc8 21. Rc1 axb3 22. axb3 h5 23. h4 Bf6 24. Rxc8+ Qxc8 25. Qa2 Kh7 26. Bc5 Qc6 27. Qa5 e5 28. b4 exd4 29. exd4 Qe6 30. Qc7 b5 31. Kh2 g5 32. hxg5 Bxg5 33. Bd6 Kg6 34. Be5 f6 35. Qc2+ Qf5 36. Qxf5+ Kxf5 37. Bd6 Bd2 38. Kh3 Ke4 39. Kh4 Be1 40. Kxh5 Bxf2 41. Kg6 Bxd4 42. Bc5 Be5 43. g4 d4 44. g5 fxg5 45. Kxg5 Bf4+ 46. Kg4 d3 0-1


[Site "https://www.chess.com"]

[Event "Titled Tuesday Blitz June 27 Early 2023"]
[White "Molina, Roberto Junio Brito"]
[Black "Chor, Kevin"]
[WhiteFideId "2109450"]
[BlackFideId "2090740"]
[WhiteElo "2837"]
[BlackElo "2540"]
[Result "1-0"]
[Round "5"]
[TimeControl "180+2"]
[Date "2023.06.27"]
[WhiteClock "0:01:47"]
[BlackClock "0:00:46"]
[Board "82"]

1. d4 Nf6 2. Nf3 g6 3. e3 Bg7 4. Be2 O-O 5. O-O d6 6. c4 Nbd7 7. Nc3 b6 8. d5 e5 9. dxe6 fxe6 10. Nd4 Nc5 11. Bf3 d5 12. Nc6 Qd6 13. cxd5 exd5 14. Nxd5 Kh8 15. Nc3 Nd3 16. Nd4 Ba6 17. Bxa8 Rxa8 18. Ncb5 Bxb5 19. Nxb5 1-0


[Site "https://www.chess.com"]

[Event "Titled Tuesday Blitz June 27 Early 2023"]
[White "Bharath Subramaniyam H"]
[Black "kuanysh1981"]
[WhiteFideId "46634827"]
[WhiteElo "2817"]
[BlackElo "2539"]
[Result "1-0"]
[Round "5"]
[TimeControl "180+2"]
[Date "2023.06.27"]
[WhiteClock "0:00:27"]
[BlackClock "0:00:12"]
[Board "83"]

1. b3 Nf6 2. Bb2 e6 3. Nf3 Be7 4. g4 O-O 5. g5 Nd5 6. c4 Nb6 7. h4 d5 8. e3 c5 9. Qc2 dxc4 10. bxc4 Nc6 11. Nc3 Nb4 12. Qb1 Bd7 13. a3 Nc6 14. Bd3 Na5 15. Ne5 Bc6 16. Rg1 Nb3 17. Bxh7+ Kh8 18. g6 Qxd2+ 19. Kf1 Bxh4 20. Qe1 Qxb2 21. Ra2 Bxf2 22. Rxb2 Bxe1 23. Kxe1 Na5 24. gxf7 g6 25. Nxg6+ Kg7 26. Nxf8+ Kxf7 27. Rf2+ Ke7 28. Rg7+ Kd6 29. Rf6 Naxc4 30. Rxe6# 1-0


[Site "https://www.chess.com"]

[Event "Titled Tuesday Blitz June 27 Early 2023"]
[White "Tsaruk, Maksim"]
[Black "slidingknight2775"]
[WhiteFideId "13511173"]
[WhiteElo "2800"]
[BlackElo "2533"]
[Result "0-1"]
[Round "5"]
[TimeControl "180+2"]
[Date "2023.06.27"]
[WhiteClock "0:00:01"]
[BlackClock "0:00:08"]
[Board "85"]

1. d4 Nf6 2. Nf3 d5 3. g3 e6 4. Bg2 Be7 5. O-O O-O 6. c4 dxc4 7. Qc2 b5 8. a4 b4 9. Qxc4 Ba6 10. Qc2 Nbd7 11. Be3 Nd5 12. Re1 c5 13. Nbd2 Rc8 14. Qb1 c4 15. Ne4 Nxe3 16. fxe3 h6 17. Qc2 Qb6 18. Rac1 Nf6 19. Ne5 Rfd8 20. Rf1 Qc7 21. Nc6 Nd5 22. Nxd8 Nxe3 23. Nxe6 fxe6 24. Qd2 Nxf1 25. Bxf1 Bb7 26. Qe3 Rf8 27. Bg2 Kh8 28. Bf3 Bd5 29. Kg2 Bf6 30. h4 Qb6 31. Nc5 Rc8 32. a5 Bxd4 33. axb6 Bxe3 34. b7 Rb8 35. Bxd5 exd5 36. Rd1 Bxc5 37. Rxd5 Bf8 38. Rd7 Kg8 39. Rc7 c3 40. bxc3 bxc3 41. Kf3 a5 42. e4 c2 43. e5 Rxb7 44. Rxc2 a4 45. Rc8 a3 46. Ra8 Re7 47. Ke4 Kf7 48. h5 Rc7 49. Kf5 Rc5 50. g4 Be7 51. Ra7 Rb5 52. Ra8 Bf8 53. Ra7+ Be7 54. Ra6 Rb2 55. Ra7 Rf2+ 56. Ke4 a2 57. Ra6 Re2+ 58. Kf5 Rf2+ 59. Ke4 Bf8 60. Ra7+ Kg8 61. Ra8 Kh7 62. Ra7 Bb4 63. e6 Bc3 64. e7 Re2+ 65. Kd3 Rxe7 66. Rxa2 Bf6 67. Ra4 Re5 68. Rf4 Rg5 69. Ke4 Kg8 70. Kf3 Kf7 71. Rc4 Re5 72. Rc6 Re7 73. Ra6 Bg5 74. Rg6 Re6 75. Rxe6 Kxe6 0-1


[Site "https://www.chess.com"]

[Event "Titled Tuesday Blitz June 27 Early 2023"]
[White "Rahman, Masruri"]
[Black "Ljukin, Sergei"]
[WhiteFideId "7101163"]
[BlackFideId "14102200"]
[WhiteElo "2792"]
[BlackElo "2537"]
[Result "1-0"]
[Round "5"]
[TimeControl "180+2"]
[Date "2023.06.27"]
[WhiteClock "0:00:03"]
[BlackClock "0:00:00"]
[Board "86"]

1. d4 d5 2. Bf4 Nf6 3. e3 c5 4. Nc3 Bg4 5. Be2 Bxe2 6. Ngxe2 Nc6 7. O-O e6 8. Ng3 Be7 9. Nce2 O-O 10. c3 h6 11. Nh1 b5 12. dxc5 Bxc5 13. Nd4 Qb6 14. b4 Be7 15. Ng3 Rac8 16. Nxc6 Qxc6 17. a4 Qxc3 18. axb5 Bxb4 19. Rxa7 e5 20. Bxh6 gxh6 21. Nf5 Kh7 22. Ra6 e4 23. Nd4 Be7 24. Nc6 Qc5 25. Qe2 Bd6 26. f3 Qc4 27. Qf2 Qc3 28. Qh4 Qxe3+ 29. Kh1 Qg5 30. Qh3 e3 31. Nd4 Be5 32. f4 Bxf4 33. Nf3 Qg4 34. Rxf6 Qxh3 35. gxh3 Bg5 36. Rf5 Rcd8 37. h4 Be7 38. Re1 d4 39. Re5 d3 40. R5xe3 Bb4 41. Rd1 d2 42. Rb3 Rfe8 43. Rxb4 Re3 44. Nxd2 Red3 45. Rb2 R8d5 46. b6 1-0


[Site "https://www.chess.com"]

[Event "Titled Tuesday Blitz June 27 Early 2023"]
[White "Avinash Ramesh"]
[Black "Turzo, Attila"]
[WhiteFideId "45018340"]
[BlackFideId "704954"]
[WhiteElo "2788"]
[BlackElo "2529"]
[Result "1-0"]
[Round "5"]
[TimeControl "180+2"]
[Date "2023.06.27"]
[WhiteClock "0:01:11"]
[BlackClock "0:00:03"]
[Board "87"]

1. d4 Nf6 2. c4 g6 3. Nf3 Bg7 4. g3 O-O 5. Bg2 d6 6. O-O Nbd7 7. Nc3 c6 8. e4 e5 9. b3 Re8 10. Re1 Qb6 11. c5 dxc5 12. Na4 Qc7 13. dxc5 Nf8 14. Bb2 Bg4 15. Qd6 Qxd6 16. cxd6 Bxf3 17. Bxf3 N6d7 18. Rad1 Ne6 19. Bg4 Rad8 20. h4 b6 21. b4 Nd4 22. Bxd4 exd4 23. f4 f5 24. exf5 Rxe1+ 25. Rxe1 Nf6 26. Bf3 Rxd6 27. fxg6 hxg6 28. Nb2 c5 29. bxc5 bxc5 30. Nc4 Rd8 31. g4 Nd5 32. Bxd5+ Rxd5 33. Kf2 d3 34. Ke3 Bc3 35. Rd1 Rd4 36. Ne5 c4 37. Nxg6 d2 38. Ne5 Rxf4 39. Kxf4 Bxe5+ 40. Ke4 c3 41. Kd3 Kg7 42. Kc2 Kf6 43. Rf1+ Ke6 44. h5 Kd5 45. h6 Ke4 46. Rf7 Ke3 47. Re7 Kd4 48. Rxe5 Kxe5 49. h7 Ke4 50. h8=Q Ke3 51. Qxc3+ 1-0


[Site "https://www.chess.com"]

[Event "Titled Tuesday Blitz June 27 Early 2023"]
[White "Vakhlamov, Igor L."]
[Black "Alvarado Diaz, Alejandro"]
[WhiteFideId "24126748"]
[BlackFideId "2276119"]
[WhiteElo "2780"]
[BlackElo "2527"]
[Result "1-0"]
[Round "5"]
[TimeControl "180+2"]
[Date "2023.06.27"]
[WhiteClock "0:02:24"]
[BlackClock "0:00:10"]
[Board "88"]

1. e4 c5 2. Nf3 d6 3. Nc3 Nf6 4. d4 cxd4 5. Qxd4 Nc6 6. Bb5 Bd7 7. Bxc6 bxc6 8. e5 c5 9. Qc4 dxe5 10. Nxe5 e6 11. Bg5 Be7 12. O-O-O Nd5 13. Bxe7 Qxe7 14. Nxd7 Qxd7 15. Nxd5 exd5 16. Rhe1+ Kf8 17. Rxd5 Qc6 18. Rxc5 Qh6+ 19. f4 g6 20. Rc7 Qg7 21. Rc8+ Rxc8 22. Qxc8# 1-0


[Site "https://www.chess.com"]

[Event "Titled Tuesday Blitz June 27 Early 2023"]
[White "Panesar Vedant"]
[Black "Mogirzan, Matei-Valeriu"]
[WhiteFideId "35033018"]
[BlackFideId "1257455"]
[WhiteElo "2739"]
[BlackElo "2522"]
[Result "1-0"]
[Round "5"]
[TimeControl "180+2"]
[Date "2023.06.27"]
[WhiteClock "0:00:17"]
[BlackClock "0:00:09"]
[Board "89"]

1. e4 e5 2. Nf3 Nf6 3. Nxe5 Nc6 4. Nxc6 dxc6 5. d3 Bc5 6. Be2 h5 7. c3 Ng4 8. d4 Qh4 9. g3 Qf6 10. f3 h4 11. Rg1 hxg3 12. hxg3 Rh2 13. dxc5 Be6 14. Qd4 Bc4 15. Qxc4 Ne5 16. Qd4 Rxe2+ 17. Kxe2 Qxf3+ 18. Ke1 Nd3+ 19. Kd2 Rd8 20. Rd1 Nf2 21. Kc2 Rxd4 22. Rxd4 Qe2+ 23. Nd2 Ng4 24. b4 Ne3+ 25. Kb3 Nd1 26. Nc4 b5 27. cxb6 axb6 28. Bb2 c5 29. Rdxd1 b5 30. Ne3 c4+ 31. Ka3 Qxe3 32. Rd4 Qg5 33. Rad1 Ke7 34. Bc1 Qe5 35. Kb2 f6 36. Bf4 Qh5 37. Bxc7 Qe2+ 38. R1d2 Qe3 39. Bd6+ Kf7 40. Bf4 Qf3 41. e5 fxe5 42. Bxe5 g5 43. Bf4 g4 44. Be5 Kg6 45. Bd6 Qf1 46. Bf4 Kf7 47. Be3 Qf3 48. Rf4+ Ke6 49. Rxf3 gxf3 50. Rf2 Ke5 51. Rxf3 Ke4 52. Rf4+ Kxe3 53. Rf5 Ke4 54. Rxb5 Kf3 55. Rc5 Kxg3 56. Rxc4 Kf3 57. Rd4 Ke3 58. a4 1-0


[Site "https://www.chess.com"]

[Event "Titled Tuesday Blitz June 27 Early 2023"]
[White "Berezin, Viktor"]
[Black "gau_npukyputb"]
[WhiteFideId "14107872"]
[WhiteElo "2519"]
[BlackElo "2724"]
[Result "1-0"]
[Round "5"]
[TimeControl "180+2"]
[Date "2023.06.27"]
[WhiteClock "0:00:09"]
[BlackClock "0:00:00"]
[Board "90"]

1. d4 Nc6 2. Nf3 d5 3. c4 Bg4 4. e3 e6 5. Be2 Nf6 6. Nbd2 Bd6 7. h3 Bh5 8. O-O O-O 9. a3 a5 10. b3 Re8 11. Bb2 Ne4 12. Nxe4 dxe4 13. Ne5 Bxe2 14. Qxe2 Bxe5 15. dxe5 Qg5 16. Qg4 Qg6 17. Rfd1 Red8 18. Qxg6 hxg6 19. Kf1 Kf8 20. Ke2 Ke7 21. f3 exf3+ 22. gxf3 g5 23. Rg1 Rh8 24. Rg3 f6 25. f4 fxe5 26. Rxg5 Rxh3 27. Rxg7+ Kf6 28. Rag1 Kf5 29. fxe5 Rh2+ 30. R1g2 Rxg2+ 31. Rxg2 Re8 32. Rf2+ Kg5 33. Rf7 Re7 34. Rf6 b6 35. Bc3 Re8 36. Kf3 Re7 37. Ke4 Nd8 38. Rf8 Nf7 39. Rg8+ Kh5 40. b4 Ng5+ 41. Kd3 Rd7+ 42. Kc2 axb4 43. axb4 Kg4 44. Rf8 Nf3 45. Rf4+ Kg3 46. c5 bxc5 47. bxc5 c6 48. Ra4 Kf2 49. Ra6 Rc7 50. Bd4 Ke2 51. Kc3 Rc8 52. Ra2+ Kf1 53. Ra1+ Ke2 54. Ra2+ Kf1 55. Ra7 Ke2 56. Re7 Ra8 57. Rxe6 Ra3+ 58. Kb4 Ra6 59. Re8 Kd3 60. e6 Nd2 61. e7 Ra7 62. Bf6 Ne4 63. Bh4 1-0


[Site "https://www.chess.com"]

[Event "Titled Tuesday Blitz June 27 Early 2023"]
[White "Gogolev, Artem"]
[Black "Nouri, Alekhine"]
[WhiteFideId "4116615"]
[BlackFideId "5216184"]
[WhiteElo "2511"]
[BlackElo "2691"]
[Result "1/2-1/2"]
[Round "5"]
[TimeControl "180+2"]
[Date "2023.06.27"]
[WhiteClock "0:00:07"]
[BlackClock "0:00:59"]
[Board "92"]

1. d4 Nf6 2. c4 g6 3. Nc3 Bg7 4. Nf3 O-O 5. Bg5 d6 6. e3 Nbd7 7. Be2 c5 8. O-O a6 9. d5 h6 10. Bh4 Ng4 11. Qc2 Rb8 12. a4 b6 13. Nd2 Ngf6 14. f4 Qc7 15. e4 Re8 16. Rae1 Bb7 17. Bg3 h5 18. Bd3 Ng4 19. Nf3 Bd4+ 20. Nxd4 cxd4 21. Ne2 Ne3 22. Qd2 Nxf1 23. Rxf1 b5 24. cxb5 axb5 25. Bxb5 Nc5 26. Bxe8 Nxe4 27. Qxd4 Nxg3 28. Bxf7+ Kxf7 29. Nxg3 Qc5 30. Qxc5 dxc5 31. Rc1 Bxd5 32. Rxc5 Ke6 33. Rc2 Rb4 34. Ne2 Rxa4 35. Kf2 Be4 36. Rd2 Rb4 37. Rd4 Rxd4 38. Nxd4+ Kd5 39. Ne2 Kc4 40. g3 Kb3 41. Ke3 Bb1 42. Nc3 Bc2 43. Nd5 e6 44. Nc7 Bf5 45. Kd4 Kxb2 46. Ke5 Kc3 47. Nxe6 Kd3 48. Nd4 Be4 49. f5 gxf5 50. Nxf5 Bf3 51. Kf4 Bd1 52. h4 Ke2 53. Ne3 Bb3 54. Nf5 Kf2 55. Nd4 Bd1 56. Nb5 Kg2 57. Nd6 Kh3 58. Ne4 Be2 59. Kg5 Kg2 60. Kf4 Kh3 61. Ke3 Bg4 62. Kf2 Bd1 63. Nf6 Kh2 64. Nd5 Kh3 65. Nf4+ Kg4 66. Ng2 Kh3 67. Nf4+ Kg4 68. Ng2 Kh3 69. Ne3 Ba4 70. Nf1 Bc6 71. Nd2 Bd5 72. Nb1 Kg4 73. Nc3 Bc6 74. Ne2 Ba4 75. Nf4 Bd1 1/2-1/2


[Site "https://www.chess.com"]

[Event "Titled Tuesday Blitz June 27 Early 2023"]
[White "Estrada Nieto, Julian"]
[Black "Ajay Karthikeyan"]
[WhiteFideId "5101018"]
[BlackFideId "35011685"]
[WhiteElo "2511"]
[BlackElo "2690"]
[Result "0-1"]
[Round "5"]
[TimeControl "180+2"]
[Date "2023.06.27"]
[WhiteClock "0:00:03"]
[BlackClock "0:00:53"]
[Board "93"]

1. e4 c5 2. Nf3 Nc6 3. Bb5 Nf6 4. Nc3 Qc7 5. d3 g6 6. Bxc6 dxc6 7. Be3 b6 8. h3 Bg7 9. Qd2 h6 10. O-O e5 11. a4 a5 12. Nh2 Nh5 13. Ne2 Be6 14. f4 exf4 15. Nxf4 Ng3 16. Nxe6 fxe6 17. Rf3 O-O-O 18. Nf1 Nxe4 19. Qe2 Bxb2 20. Rb1 Nc3 21. Qe1 Nxb1 22. Qxb1 Bd4 23. Nd2 Rhf8 24. Bxd4 Rxf3 25. Nxf3 cxd4 26. Qb3 Rd5 27. Qc4 b5 28. axb5 cxb5 29. Qa2 Qc3 30. Kh2 a4 31. Qb1 a3 32. Qf1 a2 33. Qe2 e5 34. Qe4 Qc5 35. Nxe5 a1=Q 36. Nf7 Qc7+ 37. g3 Qxc2+ 0-1


[Site "https://www.chess.com"]